Map: Lost and Found LE

Players

Odin

  • Race: Zerg Zerg
  • League: Gold
  • Spawn Location: 1:00

jimmymac - Winner!

  • Race: Protoss Protoss
  • Spawn Location: 7:00

VOD

Have the link to the VOD?

Description

Time

  • Played on: Aug. 18, 2018, 9:49 p.m.
  • Length: 6:16
Show
View Real Time Build Order
Export as new Build Order

Odin Zerg 

Build Orders: Pool First 

Get SALT Encoding   

  12  0:03  Drone  
  13  0:13  Overlord  
  13  0:18  Drone  
  14  0:32  Drone  
  15  0:39  Spawning Pool  
  14  0:43  Drone  
  14  0:46  Drone  
  14  0:49  Drone  
  17  0:54  Extractor  
  16  0:58  Drone  
  17  1:19  Hatchery  
  16  1:27  Queen  
  18  1:57  Roach Warren  
  17  2:17  Queen  
  20  2:28  Zergling x6, Hatchery  
  22  3:07  Overlord x3  
  21  3:33  Roach x3  
  27  3:37  Extractor  
  26  3:48  Roach x4  
  30  4:32  Roach x2  
  30  4:33  Roach x3  
  39  5:06  Lair  
  34  5:26  Drone x9  
  37  5:45  Roach x2  
  37  5:46  Roach x2  
Show
View Real Time Build Order
Export as new Build Order

jimmymac Protoss - Winner!

Build Orders:  

Get SALT Encoding   

  12  0:01  Probe  
  13  0:13  Probe  
  14  0:17  Pylon  
  14  0:25  Probe  
  15  0:36  Probe  
  15  0:37  Gateway  
  16  0:44  Probe  
  17  0:52  Forge, Probe  
  18  1:03  Probe  
  19  1:16  Probe  
  20  1:26  Pylon  
  20  1:28  Probe  
  21  1:35  Assimilator  
  21  1:39  Assimilator  
  21  1:41  Pylon  
  21  1:42  Pylon  
  21  1:44  Photon Cannon  
  21  1:53  Pylon  
  21  2:04  Photon Cannon  
  21  2:15  Probe  
  22  2:16  Photon Cannon  
  22  2:23  Cybernetics Core  
  22  2:33  Photon Cannon  
  22  2:39  Probe  
  23  2:51  Probe  
  24  3:01  Robotics Facility  
  24  3:07  Shield Battery  
  24  3:08  Pylon  
  24  3:25  Pylon  
  24  3:33  Probe  
  25  3:37  Immortal  
  25  3:39  Shield Battery  
  25  3:42  Shield Battery  
  29  3:57  Shield Battery  
  29  4:03  Shield Battery  
  29  4:04  Warp Prism  
  31  4:36  Shield Battery  
  31  4:40  Immortal  
  35  4:58  Shield Battery  
  35  5:20  Immortal  
  39  5:47  Pylon  
Tags
 
League
Gold
Matchup
PvZ
Opening
Pool First
Spawn Locations
Cross Positions
Add a new tag
Caveats
  • Supply blocks, unpowered buildings, or Contaminate may cause inaccurate times.
  • Supply counts are checked every 10 seconds.